 Dungeon Crawl Stone Soup version 0.28.0-53-g5a82cb258f (webtiles) character file.

Game seed: 8540589734740508028

160 mcbry74 the Scratcher (level 5, -3/22 HPs)
             Began as a Felid Transmuter on July 12, 2022.
             Slain by Grinder (4 damage)
             ... on level 3 of the Dungeon.
             The game lasted 00:09:33 (3978 turns).

mcbry74 the Scratcher (Felid Transmuter)            Turns: 3978, Time: 00:09:34

Health: -3/22      AC:  1    Str:  6    XL:     5   Next: 17%
Magic:  8/9        EV: 17    Int: 17    God:
Gold:   131        SH:  0    Dex: 16    Spells: 5/8 levels left
                                        Lives:  0   Deaths: 1

rFire   . . .      SeeInvis +     - Unarmed
rCold   . . .      Faith    .   (shield unavailable)
rNeg    . . .      Spirit   .   (armour unavailable)
rPois   .          Reflect  .   (helmet unavailable)
rElec   .          Harm     .   (cloak unavailable)
rCorr   .          Rampage  .   (gloves unavailable)
Will    .....                   (boots unavailable)
Stlth   +.........              (no amulet)
HPRegen 0.07/turn               (no ring)
MPRegen 0.11/turn               (no ring)

@: appendages, quick
A: horns 2, very small, claws 1, fangs 3, see invisible, speed 1, shaggy fur 1,
stealthy paws, no weapons or thrown items, no armour, multi-lived
a: End Transformation


You were on level 3 of the Dungeon.
You had temporarily grown beastly horns.
You visited 1 branch of the dungeon, and saw 3 of its levels.

You collected 131 gold pieces.

Inventory:

Missiles
 f - 3 poisoned darts
 g - 115 stones
Jewellery
 m - a ring of flight
Scrolls
 d - a scroll of fog {unknown}
 e - a scroll of identify {unknown}
 i - a scroll of blinking {unknown}
 j - a scroll of fear {unknown}
 k - a scroll of noise {unknown}
 n - 2 scrolls of teleportation {unknown}
Potions
 a - a potion of heal wounds {unknown}
 b - a potion of haste {unknown}
 c - a potion of brilliance {unknown}
 h - a potion of invisibility {unknown}
 l - a potion of attraction {unknown}
 o - a potion of flight {unknown}


   Skills:
 - Level 1.0 Fighting
 - Level 2.6 Dodging
 + Level 6.8 Unarmed Combat
 - Level 2.0 Spellcasting
 - Level 2.1 Transmutations


You had 5 spell levels left.
You knew the following spells:

 Your Spells              Type           Power      Damage    Failure   Level
a - Beastly Appendage     Tmut           18%        N/A       8%          1
b - Wereblood             Tmut           9%         N/A       12%         2

Your spell library contained the following spells:

 Spells                   Type           Power      Damage    Failure   Level
 Ensorcelled Hibernation  Hex/Ice        2%         N/A       28%         2
 Spider Form              Tmut/Pois      5%         N/A       36%         3
 Ice Form                 Ice/Tmut       5%         N/A       77%         4
 Anguish                  Hex/Necr       0%         N/A       88%         4


Dungeon Overview and Level Annotations

Branches:
Dungeon (3/15)

Altars:
Dithmenos
The Shining One

Annotations:
D:3 Grinder


Innate Abilities, Weirdness & Mutations

You have temporarily grown beastly horns.
You have sharp claws.
You have razor-sharp teeth.
You have supernaturally acute eyesight. (SInv)
You cover ground quickly. (Speed+)
You are covered in fur. (AC +1)
Your paws help you pounce on unaware monsters.
You are incapable of wielding weapons or throwing items.
You cannot wear armour.
You gain extra lives every three experience levels.


Message History

You scratch Terence. You headbutt Terence, but do no damage.
Terence is moderately wounded.
Terence barely misses you.
You scratch Terence but do no damage.
Terence is moderately wounded.
Terence hits you with a +0 hand axe.
You barely miss Terence.
Terence is moderately wounded.
Terence barely misses you.
You barely miss Terence.
Terence is moderately wounded.
Terence closely misses you.
You scratch Terence.
Terence is moderately wounded.
Terence hits you with a +0 hand axe.
You claw Terence! You headbutt Terence.
You kill Terence!
Welcome back to level 5!
Things that are here:
a +0 hand axe; a +0 ring mail; the human corpse of Terence You start resting.
Your transformation is almost over.
Magic restored.
You start resting.
Your horns disappear.
HP restored.
Grinder comes into view.
Grinder shouts!
Casting: Beastly Appendage (safe; 8% risk of failure)
Press: ? - help, Q - select action, (/) - cycle Dir - look around, f - activate You grow a pair of large bovine horns.
Grinder gestures at you. Pain shoots through your body! Grinder hits you!
You writhe in agony.
You scratch Grinder. You headbutt Grinder.
Grinder is lightly wounded.
Grinder hits you!
* * * LOW HITPOINT WARNING * * *
You writhe in agony.
You die...

####.####.##..##.#
##.....##.##.....#
##.###.##.##.###.#
...# #.......###.#
##)###.##.##..##.#
##.....##.##.....#
####.####.##.###.#
####.####.##.# #5#
..........##.###@#
####.#######.....#
####.#######.#####
.............#
...########.##
#### #.# #.# #.#
###########.#


You could see Grinder.

Vanquished Creatures
  Terence (D:3)
  Natasha (D:3)
  2 orc wizards (D:3)
  Robin (D:3)
  2 gnolls (D:3)
  4 adders
  4 worms (D:2)
  2 dart slugs
  3 orcs (D:3)
  6 ball pythons
  9 bats
  4 endoplasms
  2 giant cockroaches
  11 goblins
  11 hobgoblins
  4 jackals (D:2)
  4 quokkas
  5 frilled lizards
  2 kobolds
  3 rats
81 creatures vanquished.

Notes
Turn   | Place    | Note
-------+----------+-------------------------------------------
     0 | D:1      | mcbry74 the Felid Transmuter began the quest for the Orb.
     0 | D:1      | Reached XP level 1. HP: 9/9 MP: 4/4
   148 | D:1      | Reached XP level 2. HP: 10/12 MP: 6/6
   152 | D:1      | Learned a level 2 spell: Wereblood
   580 | D:1      | Reached skill level 4 in Unarmed Combat
  1008 | D:2      | Reached XP level 3. HP: 14/15 MP: 1/7
  1768 | D:2      | Found a glowing golden altar of the Shining One.
  1864 | D:2      | Reached XP level 4. HP: 19/19 MP: 6/8
  2030 | D:2      | Reached skill level 5 in Unarmed Combat
  2545 | D:3      | Noticed Natasha
  2545 | D:3      | Found a shadowy altar of Dithmenos.
  3040 | D:3      | Noticed Robin
  3067 | D:3      | Reached XP level 5. HP: 9/22 MP: 7/9
  3233 | D:3      | Killed Natasha
  3234 | D:3      | Reached skill level 6 in Unarmed Combat
  3249 | D:3      | Noticed Terence
  3332 | D:3      | Slain by an orc
  3333 | D:3      | Reached XP level 4. HP: -2/19 MP: 7/8
  3393 | D:3      | Killed Robin
  3740 | D:3      | Killed Terence
  3741 | D:3      | Reached XP level 5. HP: 8/22 MP: 7/9
  3975 | D:3      | Noticed Grinder
  3978 | D:3      | HP: 1/22 [Grinder (10)]
  3978 | D:3      | Slain by Grinder

Illustrated notes

Levels and vault maps discovered:
D:1:      dpeg_arrival_simpleton_b, layout_loops_ring
D:2:      layout_rooms, serial_curves, eino_curves_02, eino_curves_01,
          eino_curves_01, basic_altar, kennysheep_generic_room_4
D:3:      layout_basic, mainiacjoe_overflow_six_doors_small,
          grunt_dithmenos_smoke, portal_sewer_entry_f,
          roderic_nine_men_s_morris, uniq_natasha, uniq_grinder, uniq_robin,
          uniq_terence

Skill      XL: |  1  2  3  4  5 |
---------------+----------------+-----
Unarmed Combat | 4 5 6 |  6.8
Fighting       | |  1.0
Dodging        | |  2.6
Spellcasting   | |  2.0
Transmutations | |  2.1

Action                   |  1- 3 |  4- 6 || total
-------------------------+-------+-------++-------
Melee: Unarmed           |    95 |   104 ||   199
       Bite              |    11 |    12 ||    23
       Headbutt          |    14 |    14 ||    28
       Punch             |     3 |     2 ||     5
 Cast: Beastly Appendage |    16 |    16 ||    32
       Wereblood         |     3 |       ||     3
 Stab: Sleeping          |     1 |     3 ||     4
Armor: Skin              |     9 |     2 ||    11
Dodge: Dodged            |   110 |    62 ||   172
